 Dungeon Crawl Stone Soup version 0.30-a0-1160-g6e42c06551 (webtiles) character file.

Game seed: 8979693206213840498

51447 jasper the Thaumaturge (level 13, -1/113 HPs)
             Began as a Demigod Wanderer on Apr 25, 2023.
             Slain by a skeletal warrior
             ... wielding a +0 mace
              (16 damage)
             ... on level 10 of the Dungeon.
             The game lasted 00:30:56 (22190 turns).

jasper the Thaumaturge (Demigod Wanderer)          Turns: 22190, Time: 00:30:57

Health: -1/113     AC: 12    Str: 10    XL:     13   Next: 89%
Magic:  1/34       EV: 15    Int: 41    God:
Gold:   939        SH:  0    Dex: 11    Spells: 18/37 levels left

rFire   . . .        y - +3 trident (freeze)
rCold   + . .        (no shield)
rNeg    . . .        S - +3 troll leather armour {Snorg}
rPois   +            p - +0 helmet
rElec   .            K - +0 cloak
rCorr   .            h - +0 pair of gloves
SInv    .            V - +0 pair of boots
Will    +....        (no amulet)
Stlth   +            B - ring of New Discoveries {rPois rC+ Int+6}
HPRegen 1.18/turn    m - +4 ring of slaying
MPRegen 0.24/turn

%: no passive effects
@: about to teleport
A: high MP 1, forlorn, divine attributes
a: no special abilities


You were on level 10 of the Dungeon.
You visited 3 branches of the dungeon, and saw 17 of its levels.
You also visited: Sewer.

You collected 1247 gold pieces.
You spent 308 gold pieces at shops.

Inventory:

Hand Weapons
 y - a +3 trident of freezing (weapon)
Missiles
 f - 18 poisoned darts
 Q - 6 curare-tipped darts
 R - 2 throwing nets
Armour
 h - a +0 pair of gloves (worn)
 o - a +2 animal skin
 p - a +0 helmet (worn)
 t - a scarf of repulsion
 v - the +3 ring mail of the Heron {rPois}
   (You found it on level 3 of the Dungeon)

   rPois:     It protects you from poison.
 z - +0 steam dragon scales
 K - a +0 cloak (worn)
 S - a +3 troll leather armour (worn) {Snorg}
 V - a +0 pair of boots (worn)
Magical Staves
 W - a staff of cold
Jewellery
 j - a ring of protection from fire
 m - a +4 ring of slaying (right hand)
 B - the ring of New Discoveries (left hand) {rPois rC+ Int+6}
   (You acquired it on level 11 of the Dungeon)

   [ring of protection from cold]

   Int:       It affects your intelligence (+6).
   rC:        It protects you from cold.
   rPois:     It protects you from poison.
 E - a ring of positive energy
 H - a ring of fire
 O - a ring of ice
 P - an amulet of guardian spirit
 T - a ring of see invisible
 Z - a +6 ring of intelligence
Wands
 k - a wand of digging (15)
 C - a wand of flame (23)
 F - a wand of mindburst (5)
 J - a wand of paralysis (4)
 N - a wand of iceblast (14)
Scrolls
 b - 2 scrolls of enchant weapon
 e - 13 scrolls of teleportation
 l - a scroll of butterflies
 n - 3 scrolls of amnesia
 q - a scroll of identify
 r - a scroll of immolation
 x - a scroll of torment
 A - a scroll of enchant armour
 D - 2 scrolls of fog
 G - 2 scrolls of silence
 I - 3 scrolls of magic mapping
 U - 2 scrolls of brand weapon
Potions
 a - a potion of invisibility
 c - a potion of flight {unknown}
 d - a potion of heal wounds
 g - 3 potions of magic
 i - 6 potions of mutation
 s - 3 potions of haste
 u - 2 potions of curing
 w - 2 potions of degeneration
 M - 3 potions of brilliance
 X - 2 potions of ambrosia
 Y - a potion of resistance
Miscellaneous
 L - a phantom mirror (inert)


   Skills:
 + Level 9.9 Fighting
 - Level 5.0 Armour
 + Level 10.1 Dodging
 * Level 12.9 Spellcasting
 - Level 6.2 Conjurations
 - Level 1.7 Hexes
 - Level 3.1 Necromancy
 - Level 4.8 Ice Magic
 - Level 1.0 Air Magic
 - Level 5.1 Earth Magic
 - Level 6.0 Evocations


You had 18 spell levels left.
You knew the following spells:

 Your Spells              Type           Power      Damage    Failure   Level
a - Freeze                Ice            100%       1d10      1%          1
b - Stone Arrow           Conj/Erth      100%       3d13      1%          3
c - Frozen Ramparts       Ice            100%       1d16      1%          3
d - Mephitic Cloud        Conj/Pois/Air  46%        N/A       1%          3
e - Blink                 Tloc           52%        N/A       2%          2
f - Swiftness             Air            34%        N/A       3%          3
g - Dispel Undead         Necr           51%        3d19      4%          4

Your spell library contained the following spells:

 Spells                   Type           Power      Damage    Failure   Level
 Kiss of Death            Conj/Necr      100%       2d13      1%          1
 Magic Dart               Conj           100%       1d8       1%          1
 Necrotise                Necr           100%       1d9       1%          1
 Sandblast                Erth           100%       2d20      1%          1
 Shock                    Conj/Air       100%       1d9       1%          1
 Slow                     Hex            100%       N/A       1%          1
 Momentum Strike          Conj/Tloc      100%       3d10      1%          2
 Static Discharge         Conj/Air       100%       2-7/arc   1%          2
 Hailstorm                Conj/Ice       64%        3d14      1%          3
 Vampiric Draining        Necr           51%        2d9       1%          3
 Call Imp                 Summ           52%        N/A       2%          2
 Lesser Beckoning         Tloc           52%        N/A       2%          2
 Confusing Touch          Hex            41%        N/A       2%          3
 Inner Flame              Hex/Fire       33%        N/A       3%          3
 Portal Projectile        Hex/Tloc       66%        N/A       3%          3
 Petrify                  Tmut/Erth      47%        N/A       5%          4
 Ice Form                 Ice/Tmut       46%        N/A       6%          4
 Airstrike                Air            17%        2d(3-19)  11%         4
 Agony                    Necr           51%        N/A       12%         5
 Summon Lightning Spire   Summ/Air       30%        N/A       13%         4
 Yara's Violent Unravell  Hex/Tmut       16%        3d8       30%         5
 Enfeeble                 Hex            20%        N/A       100%        7


Dungeon Overview and Level Annotations

Branches:
Dungeon (12/15)            Temple (0/1) D:6            Lair (4/5) D:11
  Swamp (0/4) Lair:3        Snake (1/4) Lair:2        Sewer (visited)
  Slime: Lair:4-5       Orc: D:9-12

Shops:
D:5 *

Annotations:
D:4 3 runed translucent doors, Newt's ghost, amateur DsGl
D:8 1 runed translucent door
D:11 1 runed translucent door, BubbleThief's ghost, journeyman KoBr
D:12 Frances
Lair:4 1 runed translucent door


Innate Abilities, Weirdness & Mutations

You have an increased reservoir of magic. (+10% MP)
You shall have no god before yourself.
Your divine heritage dramatically boosts your attributes as you level up.


Message History

* * * LOW HITPOINT WARNING * * *
Your skeletal warrior hits the skeletal warrior with a +0 mace!
You take 29 damage, and have 2/113 hp.
MASSIVE DAMAGE!!
You feel much better.
The skeletal warrior hits you with a +0 mace.
* * * LOW HITPOINT WARNING * * *
Your skeletal warrior hits the skeletal warrior but does no damage.
You regained 17 hp, and now have 19/113 hp.
You barely miss the skeletal warrior.
The skeletal warrior is severely damaged.
The skeletal warrior hits you with a +0 mace.
* * * LOW HITPOINT WARNING * * *
Your skeletal warrior hits the skeletal warrior with a +0 mace.
You take 3 damage, and have 16/113 hp.
Aiming: Stone Arrow (safe; 1% risk of failure)
Press: ? - help, Q - select action, (/) - cycle Shift-Dir - straight line, f/p - skeletal warrior
Aim: a skeletal warrior, wielding a +0 mace (severely damaged, not watching you, ally target, 78% to hit)
The stone arrow misses the skeletal warrior.
The skeletal warrior hits your skeletal warrior with a +0 mace.
Your skeletal warrior hits the skeletal warrior but does no damage.
You now have 1/34 mp.
Aiming: Iceblast
Press: ? - help, Shift-Dir - straight line, f/p - skeletal warrior
Aim: a skeletal warrior, wielding a +0 mace (severely damaged, not watching you, ally target)
Okay, then.
Aiming: Mindburst
Press: ? - help, Shift-Dir - straight line, f/p - skeletal warrior
Aim: a skeletal warrior, wielding a +0 mace (severely damaged, not watching you, ally target, chance to affect: 21%)
The skeletal warrior resists with almost no effort.
Your skeletal warrior shimmers and vanishes!
The skeletal warrior hits you with a +0 mace.
* * * LOW HITPOINT WARNING * * *
You take 4 damage, and have 13/113 hp.
As you read the scroll of teleportation, it crumbles to dust.
You feel strangely unstable. The skeletal warrior barely misses you.
The skeletal warrior attacks as you move away!
The skeletal warrior completely misses you.
The skeletal warrior attacks as you move away!
The skeletal warrior hits you with a +0 mace!
You die...

.##'##....##.....##....##...##.##
.##.########.....########'####'##
..................'..........#.).
..................#...[......#...
..................#..........#...
..................#..........#...
##......).....#..####..##..###...
##............#######..##'#######
#..............@z...............
#................>..............
#...............................
#...............................
##...........#.#################
########......# ########


You could see a skeletal warrior.

Vanquished Creatures
  Snorg (D:10)
  Josephine (D:10)
  3 hydras
  A death yak (Lair:4)
  3 two-headed ogres
  A boulder beetle (Lair:4)
  A skeletal warrior (D:11)
  A skyshark (Lair:4)
  An obsidian statue (D:10)
  2 cyclopes (D:11)
  26 elephants
  5 black mambas
  Maurice (D:8)
  6 cane toads
  A centaur zombie (D:10)
  A spectral unseen horror (D:10)
  A torpor snail (Lair:3)
  An unseen horror zombie (D:10)
  4 rime drakes
  6 komodo dragons
  An unseen horror skeleton (D:10)
  4 polar bears
  2 trolls
  3 meliai (Lair:4)
  A queen bee (Lair:4)
  A hornet (D:9)
  Grinder (D:5)
  30 blink frogs
  36 yaks
  A shadow (D:11)
  A vampire (D:9)
  6 wraiths
  4 basilisks
  A human (Lair:4)
  4 wyverns
  A steam dragon (D:8)
  An acid dragon (D:11)
  Duvessa (D:4)
  30 water moccasins
  3 orc warriors (D:9)
  2 ice beasts (D:8)
  A sky beast (D:8)
  2 black bears (D:11)
  A swamp drake (Lair:3)
  An ogre (D:4)
  18 wolves
  4 boggarts (Lair:3)
  2 centaurs
  3 kobold brigands (D:9)
  15 bullfrogs
  3 gnoll sergeants
  10 wights
  Dowan (D:4)
  29 killer bees (Lair:4)
  3 howler monkeys
  3 electric eels
  2 jellies (D:6)
  6 orc priests
  A gnoll bouda (D:5)
  4 hounds
  3 iguanas
  5 orc wizards
  2 sleepcaps
  A hell rat (Sewer)
  2 centaur simulacra (D:8)
  A killer bee simulacrum (D:8)
  Robin (D:2)
  18 gnolls
  A howler monkey skeleton (D:10)
  5 river rats
  12 adders
  A shadow imp (D:7)
  5 white imps
  2 ufetubi (D:8)
  A worm (D:7)
  A dart slug (D:4)
  21 orcs
  11 ball pythons
  5 endoplasms (D:1)
  3 giant cockroaches
  17 goblins
  16 hobgoblins
  6 jackals (D:2)
  3 quokkas
  4 bats
  3 frilled lizards
  15 kobolds
  10 rats
485 creatures vanquished.

Vanquished Creatures (others)
  A komodo dragon (Lair:4)
  An orc (D:7)
  28 fungi
  56 plants
86 creatures vanquished.

Grand Total: 571 creatures vanquished

Notes
Turn   | Place    | Note
-------+----------+-------------------------------------------
     0 | D:1      | jasper the Demigod Wanderer began the quest for the Orb.
     0 | D:1      | jasper set off with the following items: a +0 dagger, a
                  | potion of heal wounds, a +0 robe, a +0 pair of gloves; and
                  | the following spells available to memorise: Freeze, Slow,
                  | Frozen Ramparts, Portal Projectile, Ice Form.
     0 | D:1      | Reached XP level 1. HP: 14/14 MP: 5/5
     2 | D:1      | Learned a level 1 spell: Freeze
   337 | D:1      | Reached skill level 2 in Spellcasting
   736 | D:1      | Reached XP level 2. HP: 20/20 MP: 5/7
   867 | D:1      | Learned a level 1 spell: Magic Dart
  1287 | D:2      | Reached XP level 3. HP: 26/26 MP: 5/9
  1309 | D:2      | Learned a level 3 spell: Frozen Ramparts
  1434 | D:2      | Reached skill level 1 in Conjurations
  2014 | D:2      | Reached XP level 4. HP: 33/33 MP: 7/10
  2018 | D:2      | Learned a level 3 spell: Mephitic Cloud
  2479 | D:2      | Noticed Robin
  2490 | D:2      | Killed Robin
  3055 | D:3      | Identified the +3 ring mail of the Heron {rPois}
  3704 | D:4      | Reached XP level 5. HP: 34/38 MP: 8/12
  3815 | D:4      | Noticed an ogre
  3825 | D:4      | Killed an ogre
  3826 | D:4      | Reached skill level 3 in Spellcasting
  3998 | D:4      | Noticed Dowan
  3999 | D:4      | Noticed Duvessa
  4011 | D:4      | Killed Duvessa
  4012 | D:4      | Reached XP level 6. HP: 20/45 MP: 3/14
  4012 | D:4      | Killed Dowan
  4470 | D:4      | Found a runed translucent gate.
  4470 | D:4      | Noticed Newt's ghost (amateur DsGl)
  4471 | D:4      | Found a runed translucent gate.
  4471 | D:4      | Found a runed translucent gate.
  4524 | D:5      | Entered Level 5 of the Dungeon
  4532 | D:5      | Found Nadacug's Elemental Accessories.
  4554 | D:5      | Bought the Excursus on Metal for 308 gold pieces
  4558 | D:5      | Learned a level 3 spell: Stone Arrow
  4748 | D:5      | Noticed Grinder
  4756 | D:5      | Reached skill level 4 in Spellcasting
  4756 | D:5      | Reached skill level 1 in Earth Magic
  4756 | D:5      | Reached XP level 7. HP: 35/50 MP: 12/16
  4758 | D:5      | Killed Grinder
  4928 | D:5      | Learned a level 2 spell: Blink
  5217 | D:6      | Found a glowing drain.
  5242 | Sewer    | Entered a sewer
  5567 | D:6      | Found a staircase to the Ecumenical Temple.
  5568 | D:6      | Noticed a steam dragon
  5633 | D:7      | Noticed a wyvern
  5650 | D:7      | Killed a wyvern
  5651 | D:7      | Reached skill level 5 in Spellcasting
  5651 | D:7      | Reached XP level 8. HP: 51/57 MP: 1/19
  5782 | D:7      | Reached skill level 5 in Conjurations
  7258 | D:8      | Found a runed translucent door.
  7385 | D:8      | Noticed a polar bear
  7402 | D:8      | HP: 4/85 [polar bear (23)]
  7402 | D:8      | HP: 1/85 [polar bear (3)]
  7403 | D:8      | Killed a polar bear
  7404 | D:8      | Reached skill level 6 in Spellcasting
  7418 | D:8      | Reached skill level 5 in Earth Magic
  7613 | D:8      | Reached XP level 9. HP: 62/62 MP: 12/22
  7775 | D:8      | Reached skill level 1 in Fighting
  8004 | D:8      | Noticed Maurice
  8048 | D:8      | Paralysed by something for 2 turns
  8052 | D:8      | Killed Maurice
  8567 | D:9      | Reached skill level 7 in Spellcasting
  9632 | D:9      | Noticed a two-headed ogre
  9642 | D:9      | Killed a two-headed ogre
  9643 | D:9      | Reached skill level 5 in Dodging
  9643 | D:9      | Reached XP level 10. HP: 80/80 MP: 15/25
 10036 | D:10     | Entered Level 10 of the Dungeon
 10091 | D:10     | Reached skill level 5 in Fighting
 10104 | D:10     | Reached skill level 8 in Spellcasting
 10349 | D:10     | Learned a level 3 spell: Swiftness
 10358 | D:10     | Learned a level 4 spell: Dispel Undead
 10441 | D:10     | Noticed Snorg
 10448 | D:10     | Killed Snorg
 10449 | D:10     | Reached skill level 1 in Necromancy
 10919 | D:10     | Noticed Josephine
 10928 | D:10     | Killed Josephine
 11069 | D:10     | Noticed an obsidian statue
 11101 | D:10     | Noticed a sixfirhy
 11103 | D:10     | Killed an obsidian statue
 11104 | D:10     | Reached XP level 11. HP: 56/89 MP: 21/28
 11410 | D:11     | Identified a scroll of acquirement
 11410 | D:11     | Acquired the ring of New Discoveries {rPois rC+ Int+6}
 11444 | D:11     | Reached skill level 1 in Air Magic
 11585 | D:11     | Noticed a two-headed ogre
 11590 | D:11     | Killed a two-headed ogre
 11617 | D:11     | Noticed a two-headed ogre
 12017 | D:11     | Found a staircase to the Lair.
 12098 | D:11     | Killed a two-headed ogre
 12099 | D:11     | Reached skill level 5 in Evocations
 12385 | D:11     | Found a runed translucent door.
 12388 | D:11     | Noticed a +1 long sword of chaos
 12388 | D:11     | Noticed BubbleThief's ghost (journeyman KoBr)
 12458 | D:11     | Noticed a skeletal warrior
 12461 | D:11     | Noticed a skeletal warrior
 12496 | D:11     | Noticed a skeletal warrior
 12689 | Lair:1   | Entered Level 1 of the Lair of Beasts
 12815 | Lair:1   | Reached skill level 9 in Spellcasting
 13824 | Lair:1   | Reached XP level 12. HP: 82/100 MP: 11/30
 14164 | Lair:2   | Reached skill level 10 in Spellcasting
 14460 | Lair:2   | Found a staircase to the Snake Pit.
 15304 | Lair:2   | Noticed a seven-headed hydra
 15313 | Lair:2   | Killed a seven-headed hydra
 15927 | Snake:1  | Entered Level 1 of the Snake Pit
 16388 | Lair:3   | Found a staircase to the Swamp.
 16393 | Lair:3   | Reached skill level 11 in Spellcasting
 16709 | Lair:3   | Reached skill level 5 in Armour
 16727 | Lair:3   | HP: 5/103 [elephant (5)]
 16881 | Lair:3   | Reached XP level 13. HP: 108/108 MP: 23/33
 18808 | Lair:4   | Reached skill level 12 in Spellcasting
 20978 | Lair:4   | Reached skill level 10 in Dodging
 21149 | Lair:4   | Found a runed translucent door.
 21938 | Lair:4   | Noticed a tentacled starspawn
 22089 | D:12     | Noticed Frances
 22183 | D:10     | HP: 2/113 [skeletal warrior/+0 mace (13)]
 22190 | D:10     | Slain by a skeletal warrior

Illustrated notes

Levels and vault maps discovered:
D:1:      nicolae_arrival_somewhat_less_tricky_arrival, layout_basic,
          minmay_domino_4
D:2:      layout_basic, hellmonk_ecumenical_altar_run_dry,
          nicolae_concentric_dashed_squares_wild, hangedman_decor_growths,
          uniq_robin
D:3:      minmay_spotlight, layout_loops_cross, minivault_4
D:4:      layout_loops_cross, amcnicky_altar_gilded,
          gammafunk_ghost_nasty_kobolds, grunt_ministairs_1, uniq_duvessa
D:5:      layout_rooms, mainiacjoe_overflow_24_doors,
          gammafunk_temple_overflow_elements, nicolae_elemental_shop,
          uniq_grinder
D:6:      layout_basic, marbit_many_paths, mainiacjoe_overflow_alcove_2,
          minmay_temple_entry_water_ring, portal_sewer_entry_a,
          mrwooster_statue_mirror, uniq_menkaure, uniq_edmund
D:7:      layout_loops_ring, fiery_altar_vehumet, slow_altar_2,
          kennysheep_okawaru_gauntlet, lightli_orcish_oven
D:8:      layout_basic, dk_yredelemnul_ordeal, serial_ice, serial_ice_b,
          serial_ice_d, serial_ice_h, serial_ice_i, minivault_1, uniq_maurice
D:9:      layout_irregular_city, nicolae_gozag_seed_capital
D:10:     layout_gridville, gammafunk_temple_overflow_wave,
          hangedman_weighted_door, chequers_hall_statues_corner_a, minivault_16,
          minivault_25_ag, uniq_josephine, uniq_snorg
D:11:     layout_long_grid, david_lair_generic, ebering_ghost_xom
D:12:     layout_roguey, hiddenorc2_lemuel, minmay_liquid_box,
          minmay_fractal_squares_5, uniq_frances, uniq_gastronok, uniq_lodul
Lair:1:   layout_roguey, infiniplex_staircase_pool
Lair:2:   layout_regular_city, minmay_snake_entry_six_corridors,
          grunt_megastairs_4
Lair:3:   layout_loops_ring, minmay_swamp_entry_reptiles,
          nicolae_quartered_pool_medium, minivault_11, kilobyte_rumbling_trees,
          lemuel_fruit_tree, grunt_megastairs_2
Lair:4:   regret_index_tunnel_blossom, layout_loops_ring,
          pdpol_lair_cabin_in_the_woods
Snake:1:  layout_gridlike, st_stairs_2, nrook_guardian_serpent_ordinary,
          minmay_shoptagon, serial_bayou_shore_a

Skill      XL: |  1  2  3  4  5  6  7  8  9 10 11 12 13 |
---------------+----------------------------------------+-----
Spellcasting   | 2 3 4 5 6 7 8 9 11 12 | 12.9
Ice Magic      | 3 4 |  4.8
Conjurations   | 1 2 3 4 6 |  6.2
Earth Magic    | 1 3 5 |  5.1
Dodging        | 5 6 7 8 10 | 10.1
Fighting       | 4 6 7 8 9 |  9.9
Necromancy     | 2 3 |  3.1
Air Magic      | 1 |  1.0
Evocations     | 6 |  6.0
Armour         | 2 5 |  5.0
Hexes          | |  1.7

Action                     |  1- 3 |  4- 6 |  7- 9 | 10-12 | 13-15 || total
---------------------------+-------+-------+-------+-------+-------++-------
  Melee: Dagger            |    12 |     6 |       |       |       ||    18
         Punch             |     1 |       |       |     3 |       ||     4
         Spear             |       |    35 |    18 |       |       ||    53
         Unarmed           |       |       |    17 |    32 |       ||    49
         Trident           |       |       |    38 |    74 |    46 ||   158
  Throw: Dart              |       |       |     6 |       |       ||     6
   Cast: Freeze            |    70 |    45 |     4 |       |       ||   119
         Frozen Ramparts   |       |    16 |    24 |    40 |    32 ||   112
         Magic Dart        |       |     1 |       |       |       ||     1
         Stone Arrow       |       |       |   113 |   272 |   258 ||   643
         Blink             |       |       |       |     2 |       ||     2
         Dispel Undead     |       |       |       |     1 |       ||     1
         Mephitic Cloud    |       |       |       |       |     1 ||     1
  Evoke: Wand              |       |       |     6 |     2 |     5 ||    13
         Phantom mirror    |       |       |       |       |     1 ||     1
    Use: Scroll            |       |     8 |     4 |    12 |     2 ||    26
         Potion            |       |       |    10 |     9 |     1 ||    20
 Armour: Robe              |    14 |     2 |       |       |       ||    16
         Animal skin       |       |    17 |    15 |       |       ||    32
         Skin              |       |       |    17 |   257 |       ||   274
         Steam dragon scal |       |       |    15 |    17 |       ||    32
         Troll leather arm |       |       |       |   128 |    90 ||   218
  Dodge: Dodged            |    32 |    32 |    56 |   280 |   120 ||   520
         Repelled          |       |       |     2 |       |       ||     2

Table legend: (Time is in decaauts)
 A = Elapsed time spent in this place.
 B = Non-inter-level travel time spent in this place.
 C = Inter-level travel time spent in this place.
 D = Time resting spent in this place.
 E = Time spent auto-exploring this place.
 F = Levels seen in this place.
 G = Mean time per level.
                   A        B        C        D        E       F      G
               +--------+--------+--------+--------+--------+-----+--------+
         Total |  22266 |  21724 |    542 |   1245 |  17513 |  18 | 1237.0 |
       Dungeon |  12706 |  12358 |    348 |    826 |   9802 |  12 | 1058.8 |
          Lair |   9359 |   9165 |    194 |    419 |   7570 |   4 | 2339.8 |
     Snake Pit |      1 |      1 |      0 |      0 |      0 |   1 |    1.0 |
         Sewer |    198 |    198 |      0 |      0 |    140 |   1 |  198.0 |
               +--------+--------+--------+--------+--------+-----+--------+

Top non-repeatable levels by time:
  Lair:4: 3677 daAuts
  Lair:3: 2277 daAuts
  Lair:2: 2070 daAuts
    D:10: 1592 daAuts
     D:9: 1528 daAuts
     D:8: 1525 daAuts
     D:7: 1422 daAuts
     D:2: 1421 daAuts
  Lair:1: 1333 daAuts
    D:11: 1234 daAuts
     D:1: 1130 daAuts
     D:4: 1109 daAuts
     D:3: 863 daAuts
     D:5: 651 daAuts
     D:6: 222 daAuts
